 Dungeon Crawl Stone Soup version 0.29.1-13-g9f3cf754e1 (webtiles) character file.

Game seed: 16725348531705470205

248 Vulpanium the Gusty (level 6, -1/29 HPs)
             Began as a Gargoyle Air Elementalist on Jan 28, 2023.
             Was a Follower of Hepliaklqana.
             Slain by a killer bee (7 damage)
             ... on level 4 of the Dungeon.
             The game lasted 00:11:42 (4417 turns).

Vulpanium the Gusty (Gargoyle Air Elementalist)     Turns: 4417, Time: 00:11:42

Health: -1/29      AC:  9    Str: 11    XL:     6   Next: 12%
Magic:  23/28      EV: 12    Int: 18    God:    Hepliaklqana [*.....]
Gold:   176        SH:  0    Dex: 10    Spells: 10/11 levels left

rFire   . . .      SeeInvis .   y - staff of death
rCold   . . .      Faith    .   (no shield)
rNeg    + + .      Spirit   .   a - +0 robe
rPois   ∞          Reflect  .   (no helmet)
rElec   +          Harm     .   u - +0 cloak
rCorr   .          Rampage  .   t - +0 pair of gloves
Will    .....                   x - +0 pair of boots
Stlth   ++........              (no amulet)
HPRegen 0.09/turn               z - ring of magical power
MPRegen 0.21/turn               d - ring of magical power

@: no status effects
A: reduced essence, sickness immunity, AC +4, negative energy resistance 1,
electricity resistance, torment resistance 1, petrification resistance
a: Renounce Religion, Recall Ancestor, Ancestor Identity


You were on level 4 of the Dungeon.
You worshipped Hepliaklqana.
Hepliaklqana was aware of your devotion.
You visited 1 branch of the dungeon, and saw 4 of its levels.

You collected 176 gold pieces.

Inventory:

Armour
 a - a +0 robe (worn)
 q - a +0 helmet
 r - a +0 plate armour
 t - a +0 pair of gloves (worn)
 u - a +0 cloak (worn)
 x - a +0 pair of boots (worn)
Magical Staves
 y - a staff of death (weapon)
Jewellery
 c - a +6 ring of strength
 d - a ring of magical power (right hand)
 v - the ring "Acodul" {rN+ Slay+5}
   (You found it on level 2 of the Dungeon)

   [ring of positive energy]

   Slay:      It affects your accuracy & damage with ranged weapons and melee
   (+5).
   rN:        It protects you from negative energy.
 z - a ring of magical power (left hand)
Scrolls
 g - a scroll of brand weapon {unknown}
 i - 5 scrolls of immolation {unknown}
 k - 3 scrolls of magic mapping {unknown}
 l - a scroll of silence {unknown}
 m - 4 scrolls of identify {unknown}
 o - a scroll of noise {unknown}
 p - a scroll of enchant armour {unknown}
 s - 2 scrolls of teleportation {unknown}
 A - a scroll of blinking {unknown}
Potions
 b - a potion of magic
 e - 4 potions of curing {unknown}
 f - a potion of attraction {unknown}
 h - 3 potions of degeneration {unknown}
 j - 2 potions of might {unknown}
 n - a potion of flight {unknown}
 w - a potion of haste {unknown}


   Skills:
 + Level 0.3 Fighting
 + Level 2.1 Dodging
 + Level 3.0 Stealth
 + Level 0.4 Unarmed Combat
 + Level 3.2 Spellcasting
 + Level 2.9 Conjurations
 + Level 3.7 Air Magic


You had 10 spell levels left.
You knew the following spells:

 Your Spells              Type           Power      Damage    Failure   Level
a - Shock                 Conj/Air       56%        1d6       4%          1

Your spell library contained the following spells:

 Spells                   Type           Power      Damage    Failure   Level
 Static Discharge         Conj/Air       14%        3-5/arc   6%          2
 Swiftness                Air            16%        N/A       11%         3
 Mephitic Cloud           Conj/Pois/Air  10%        N/A       19%         3
 Blink                    Tloc           4%         N/A       24%         2
 Airstrike                Air            8%         2d(2-18)  34%         4
 Ignite Poison            Fire/Tmut/Pois 2%         N/A       43%         3
 Freezing Cloud           Conj/Ice/Air   5%         6-21      87%         5
 Manifold Assault         Tloc           2%         N/A       99%         5
 Storm Form               Tmut/Air       4%         N/A       100%        7


Dungeon Overview and Level Annotations

Branches:
Dungeon (4/15)
 Temple: D:4-7

Altars:
Hepliaklqana
Makhleb

Annotations:
D:1 1 transporter


Innate Abilities, Weirdness & Mutations

Your life essence is reduced to manifest your ancestor. (-10% HP)
You are immune to sickness and miasma.
Your stone body is resilient. (AC +4)
You are immune to poison.
You resist negative energy. (rN+)
You are resistant to electric shocks. (rElec)
You are resistant to unholy torment.
You are immune to petrification.


Message History

The zap misses the killer bee.
The killer bee closely misses you.
The killer bee stings you but does no damage.
The killer bee stings you. The killer bee closely misses you.
Aiming: Shock (safe; 4% risk of failure)
Press: ? - help, Q - select action, (/) - cycle Shift-Dir - straight line, f/p - killer bee
Aim: a killer bee (heavily wounded, 43% to hit)
The zap misses the killer bee. x3
The killer bee stings you. The killer bee misses you.
The killer bee closely misses you. The killer bee barely misses you.
Aiming: Shock (safe; 4% risk of failure)
Press: ? - help, Q - select action, (/) - cycle Shift-Dir - straight line, f/p - killer bee
Aim: a killer bee (heavily wounded, 43% to hit)
The zap hits the killer bee.
The killer bee is heavily wounded.
The zap misses the killer bee. x2
The killer bee stings you. The killer bee barely misses you.
The killer bee stings you.
* * * LOW HITPOINT WARNING * * *
The killer bee misses you.
Aiming: Shock (safe; 4% risk of failure)
Press: ? - help, Q - select action, (/) - cycle Shift-Dir - straight line, f/p - killer bee
Aim: a killer bee (heavily wounded, 43% to hit)
The zap hits the killer bee.
The killer bee is almost dead.
The zap hits the killer bee.
The killer bee is moderately wounded.
The zap hits the killer bee.
The killer bee is moderately wounded.
The killer bee barely misses you.
The killer bee stings you but does no damage. x2
The killer bee stings you.
* * * LOW HITPOINT WARNING * * *
Aiming: Shock (safe; 4% risk of failure)
Press: ? - help, Q - select action, (/) - cycle Shift-Dir - straight line, f/p - killer bee
Aim: a killer bee (almost dead, 43% to hit)
The zap misses the killer bee. x2; The zap hits the killer bee.
The killer bee is heavily wounded.
The killer bee stings you!
You die...

.## #.....#
#.<...... .#
#.....## ##..(....
.#
#......####..^.#
.#
#..............#
.#
#.....#####..†##
.# ####### ##y##
.########## #y#
..........######y#
#########......y@#
##########


You could see 4 killer bees.

Vanquished Creatures
  A phantom (D:4)
  A killer bee (D:4)
  An iguana (D:4)
  3 adders (D:3)
  4 dart slugs
  5 endoplasms
  3 giant cockroaches (D:1)
  4 goblins
  7 hobgoblins
  8 jackals
  5 kobolds
  3 quokkas
  4 ball pythons
  7 bats
  4 frilled lizards (D:1)
  8 rats
68 creatures vanquished.

Vanquished Creatures (others)
  2 ancestors (D:4)
2 creatures vanquished.

Grand Total: 70 creatures vanquished

Notes
Turn   | Place    | Note
-------+----------+-------------------------------------------
     0 | D:1      | Vulpanium the Gargoyle Air Elementalist began the quest for
                  | the Orb.
     0 | D:1      | Reached XP level 1. HP: 10/10 MP: 3/3
   285 | D:1      | Reached XP level 2. HP: 15/15 MP: 5/5
  1047 | D:1      | Reached XP level 3. HP: 18/19 MP: 6/6
  2647 | D:2      | Identified the ring "Acodul" {rN+ Slay+5}
  3231 | D:3      | Reached XP level 4. HP: 24/24 MP: 7/7
  3623 | D:3      | Noticed an eye of devastation
  3672 | D:3      | Found a faded altar of an unknown god.
  3674 | D:3      | Noticed a golden eye
  3674 | D:3      | Noticed a shining eye
  3674 | D:3      | Noticed a floating eye
  3711 | D:3      | Prayed at the altar of an unknown god.
  3711 | D:3      | Became a worshipper of Hepliaklqana the Forgotten
  3711 | D:3      | Reached * piety under Hepliaklqana
  3780 | D:3      | Found a burning altar of Makhleb.
  3780 | D:3      | Noticed a balrug
  4233 | D:4      | Noticed a phantom
  4246 | D:4      | Reached XP level 5. HP: 23/25 MP: 9/9
  4255 | D:4      | Killed a phantom
  4256 | D:4      | Reached XP level 6. HP: 26/29 MP: 6/10
  4417 | D:4      | Slain by a killer bee

Illustrated notes

Levels and vault maps discovered:
D:1:      spicycebolla_arrival_transporter_tutorial, layout_basic, st_stairs_5,
          minmay_tetromino_o4
D:2:      layout_basic, serial_co_window_serial, co_window_paths_a,
          co_window_of_opportunity_a, co_window_paths_a, co_window_paths_b,
          co_window_corner_a, co_window_corner_ca, co_window_broadway_a,
          co_window_corner_cb, co_window_of_opportunity_b, co_window_2corner,
          co_window_paths_c, co_window_corner_ca, co_window_4corner_a,
          glass_columns_a, glass_columns_a, glass_columns_b, glass_columns_b,
          glass_columns_c, supply_closet_lemuel
D:3:      layout_basic, makhleb_altar_promises_db,
          hellmonk_ecumenical_altar_watching_god
D:4:      layout_loops_ring, kennysheep_mini, fedhas_altar_2,
          minmay_temple_entry_poolview

Skill      XL: |  1  2  3  4  5 |
---------------+----------------+-----
Air Magic      | 3 |  3.7
Stealth        | 3 |  3.0
Conjurations   | 2 |  2.9
Dodging        | 2 |  2.1
Spellcasting   | 3 |  3.2
Fighting       | |  0.3
Unarmed Combat | |  0.4

Action                   |  1- 3 |  4- 6 || total
-------------------------+-------+-------++-------
Melee: Unarmed           |    32 |    11 ||    43
 Cast: Shock             |   100 |    75 ||   175
Invok: Ancestor Identity |       |     2 ||     2
       Recall Ancestor   |       |     1 ||     1
Armor: Robe              |    31 |    18 ||    49
Dodge: Dodged            |    50 |    38 ||    88
